 Dungeon Crawl Stone Soup version 0.27.1-1-g398f81649c (webtiles) character file.

Game seed: 17003267242812674524

154 101zpm the Shield-Bearer (level 5, -10/33 HPs)
             Began as a Gargoyle Fighter on Sept 15, 2021.
             Mangled by an ogre (19 damage)
             ... on level 4 of the Dungeon.
             The game lasted 00:05:27 (2928 turns).

101zpm the Shield-Bearer (Gargoyle Fighter)         Turns: 2928, Time: 00:05:28

Health: -10/33     AC: 13    Str: 20    XL:     5   Next: 36%
Magic:  5/5        EV:  7    Int:  9    God:
Gold:   86         SH:  9    Dex:  9    Spells: 3/4 levels left

rFire    . . .     SeeInvis .   a - +0 flail
rCold    . . .     Faith    .   c - +0 kite shield
rNeg     + . .     Spirit   .   b - +0 scale mail
rPois    ∞         Reflect  .   (no helmet)
rElec    +         Harm     .   (no cloak)
rCorr    .         Rampage  .   (no gloves)
Will     .....                  j - +1 pair of boots
Stlth    ..........             (no amulet)
HPRegen  0.11/turn              (no ring)
MPRegen  0.09/turn              (no ring)

@: no status effects
A: sickness immunity, AC +4, negative energy resistance 1, electricity
resistance, torment resistance 1, petrification resistance
a: no special abilities


You were on level 4 of the Dungeon.
You visited 1 branch of the dungeon, and saw 4 of its levels.

You collected 86 gold pieces.

Inventory:

Hand Weapons
 a - a +0 flail (weapon)
Missiles
 m - 16 bolts
 n - 63 stones (quivered)
 o - 87 arrows
Armour
 b - a +0 scale mail (worn)
 c - a +0 kite shield (worn)
 j - a +1 pair of boots (worn)
Scrolls
 e - a scroll of blinking {unknown}
 g - a scroll of amnesia {unknown}
 h - a scroll of immolation {unknown}
 i - a scroll of noise {unknown}
 l - a scroll of identify {unknown}
Potions
 d - 3 potions of might
 f - 2 potions of haste
 k - a potion of curing {unknown}


   Skills:
 + Level 3.7 Fighting
 + Level 3.5 Maces & Flails
 + Level 4.0 Armour
 + Level 1.1 Dodging
 + Level 0.1 Stealth
 + Level 4.1 Shields


You had 3 spell levels left.
You knew the following spells:

 Your Spells              Type           Power      Damage    Failure   Level
a - Shock                 Conj/Air       0%         1d3       99%         1

Your spell library contained the following spells:

 Spells                   Type           Power      Damage    Failure   Level
 Swiftness                Air            0%         N/A       100%        3
 Airstrike                Air            0%         N/A       100%        4


Dungeon Overview and Level Annotations

Branches:
Dungeon (4/15)
 Temple: D:4-7

Altars:
Cheibriados

Shops:
D:1 [

Annotations:
D:3 Grinder


Innate Abilities, Weirdness & Mutations

You are immune to sickness and miasma.
Your stone body is resilient. (AC +4)
You are immune to poison.
You resist negative energy. (rN+)
You are resistant to electric shocks. (rElec)
You are resistant to unholy torment.
You are immune to petrification.


Message History

The bullfrog is heavily wounded.
The bullfrog barely misses you. You block the bullfrog's attack.
You hit the bullfrog but do no damage.
The bullfrog is heavily wounded.
The bullfrog hits you but does no damage. x2
You hit the bullfrog.
The bullfrog is severely wounded.
The bullfrog hits you but does no damage.
The bullfrog barely misses you.
You sock the bullfrog!
You kill the bullfrog!
Your Armour skill increases to level 4!
Your Dodging skill increases to level 1!
Your Shields skill increases to level 4!
You have reached level 5!
You barely miss the ogre.
The ogre hits you with a +0 giant club!!
Ouch! That really hurt!
* * * LOW HITPOINT WARNING * * *
You are too injured to fight recklessly!
You are too injured to fight recklessly!
You are too injured to fight recklessly!
You are too injured to fight recklessly!
You are too injured to fight recklessly!
You are too injured to fight recklessly!
You are too injured to fight recklessly!
You are too injured to fight recklessly!
You are too injured to fight recklessly!
Found a fuming amethyst potion.
There is a stone staircase leading up here.
The ogre barely misses you.
You climb upwards.
Level annotation: Grinder
There is a stone staircase leading down here.
The ogre closely misses you.
You climb downwards.
There is a stone staircase leading up here.
The ogre hits you with a +0 giant club!!
Ouch! That really hurt!
You die...

#............#
##...........#
#!...........#
..............## .
............†.## ..
....#........######...
...###.......#........
..# #......O.........
#.......@......##
#........<....###
#............##
#............#
...............
...........#....
........#####..
.......## .. ......#


You could see an ogre.

Vanquished Creatures
  A bullfrog (D:4)
  3 adders
  3 worms
  2 dart slugs
  5 ball pythons (D:1)
  7 bats
  3 endoplasms
  A giant cockroach (D:1)
  6 hobgoblins
  A quokka (D:1)
  2 frilled lizards
  8 goblins
  5 kobolds
  2 rats
49 creatures vanquished.

Notes
Turn   | Place    | Note
-------+----------+-------------------------------------------
     0 | D:1      | 101zpm the Gargoyle Fighter began the quest for the Orb.
     0 | D:1      | Reached XP level 1. HP: 14/14 MP: 1/1
    90 | D:1      | Reached XP level 2. HP: 9/19 MP: 2/2
   396 | D:1      | Learned a level 1 spell: Shock
   800 | D:1      | Reached XP level 3. HP: 23/23 MP: 3/3
   932 | D:1      | Found Dookyh's Antique Armour Shop.
  1470 | D:2      | Reached XP level 4. HP: 28/28 MP: 4/4
  1953 | D:3      | Noticed Grinder
  1955 | D:3      | Found a snail-covered altar of Cheibriados.
  1970 | D:3      | Paralysed by Grinder for 7 turns
  2271 | D:3      | Paralysed by Grinder for 6 turns
  2714 | D:3      | Paralysed by Grinder for 6 turns
  2902 | D:4      | Noticed a bullfrog
  2904 | D:4      | Noticed an ogre
  2908 | D:4      | Killed a bullfrog
  2909 | D:4      | Reached skill level 1 in Dodging
  2909 | D:4      | Reached XP level 5. HP: 33/33 MP: 5/5
  2928 | D:4      | Mangled by an ogre

Illustrated notes

Levels and vault maps discovered:
D:1:      minmay_arrival_pointy, layout_basic, serial_shops, shop
D:2:      layout_loops_ring, minmay_ruptured
D:3:      layout_loops_ring, nicolae_overflow_hidden_temple, slow_altar_1,
          ebering_ecumenical_altar_webs, portal_sewer_entry_a,
          ebering_ghost_rock_garden, chequers_serial_rivers_marsh, uniq_grinder,
          uniq_jessica, uniq_robin
D:4:      layout_layer_cave, kennysheep_nondescript,
          amcnicky_mini_rare_corridor_liquid

Skill      XL: |  1  2  3  4 |
---------------+-------------+-----
Maces & Flails | 3 |  3.5
Armour         | 4 |  4.0
Dodging        | 1 |  1.1
Shields        | 4 |  4.1
Fighting       | |  3.7
Stealth        | |  0.1

Action                   |  1- 3 |  4- 6 || total
-------------------------+-------+-------++-------
Melee: Flail             |   119 |    68 ||   187
Armor: Scale mail        |    89 |    60 ||   149
Dodge: Dodged            |    39 |    19 ||    58
Block: Kite shield       |    59 |    39 ||    98
